[ PARTIDA AOE2 · #484196450 ]
Team RMFrancos vs Persians
[ ANÁLISIS DE REPETICIÓN · EXTRAÍDO DE LA PARTIDA GRABADA ]
Feudal
10:20
Castillos
23:20
Imperial
—
| APM promedio | 31.9 |
| APM pico | 78 |
| eAPM promedio | 10.4 |
| Aldeanos / militares | 42 / 17 |
Foco
⚔️ 23.2% · 🌾 76.8%
Scout Cavalry ×10 · Knight ×4 · Spearman ×3
Feudal
10:02
Castillos
22:56
Imperial
—
| APM promedio | 19.5 |
| APM pico | 53 |
| eAPM promedio | 11.2 |
| Aldeanos / militares | 63 / 11 |
Foco
⚔️ 16.9% · 🌾 83.1%
Cavalry Archer ×6 · Scout Cavalry ×3 · Spearman ×2
Feudal
9:29
Castillos
21:23
Imperial
—
| APM promedio | 30.6 |
| APM pico | 56 |
| eAPM promedio | 12.1 |
| Aldeanos / militares | 56 / 12 |
Foco
⚔️ 19.7% · 🌾 80.3%
Scout Cavalry ×5 · Knight ×4 · Monk ×3
Feudal
10:54
Castillos
—
Imperial
—
| APM promedio | 16.8 |
| APM pico | 57 |
| eAPM promedio | 8.4 |
| Aldeanos / militares | 44 / 10 |
Foco
⚔️ 18.8% · 🌾 81.2%
Spearman ×10
Mapa de la partida
Recursos iniciales + cada clic de construcción. Líneas = muros · curvas = relieve. ◆ oro · ⬟ piedra · ● bayas · ✦ reliquia · ◌ hueco del cierre
Tu base· ✓ Cerrada en 23:20 · 56t muro · sin puerta
Base de El Tabano· Abierta — hueco de 9t
Base de el Tucán· Abierta — hueco de 8t
Base de Spy· Abierta — hueco de 1t
Terreno inicial suavizado · ◌ = hueco del cierre detectado · pasá el cursor para detalles
Inputs por minuto
— çupra - - El Tabano
Build order — çupra
112 acciones detectadas en el replay
| 0:01 | Crear | Villager (Male) |
| 0:01 | Crear | Villager (Male) |
| 0:01 | Crear | Villager (Male) |
| 0:01 | Crear | Villager (Male) |
| 0:02 | Crear | Villager (Male) |
| 0:05 | Construir | House |
| 0:10 | Construir | House |
| 2:12 | Construir | Lumber Camp |
| 2:15 | Crear | Villager (Male) |
| 2:15 | Crear | Villager (Male) |
| 2:15 | Crear | Villager (Male) |
| 2:15 | Crear | Villager (Male) |
| 2:24 | Crear | Villager (Male) |
| 3:05 | Crear | Villager (Male) |
| 3:05 | Crear | Villager (Male) |
| 3:18 | Crear | Villager (Male) |
| 3:18 | Crear | Villager (Male) |
| 4:13 | Crear | Villager (Male) |
| 4:14 | Crear | Villager (Male) |
| 4:23 | Construir | House |
| 4:58 | Crear | Villager (Male) |
| 4:58 | Crear | Villager (Male) |
| 4:59 | Crear | Villager (Male) |
| 5:35 | Crear | Villager (Male) |
| 5:35 | Crear | Villager (Male) |
| 5:37 | Crear | Villager (Male) |
| 5:38 | Crear | Villager (Male) |
| 6:40 | Crear | Villager (Male) |
| 6:58 | Construir | Mill |
| 7:57 | Construir | Barracks |
| 8:10 | Investigar | Feudal Age |
| 8:21 | Construir | House |
| 8:29 | Construir | Palisade Wall |
| 8:39 | Construir | Palisade Wall |
| 9:21 | Construir | Mining Camp |
| 10:12 | Construir | House |
| 10:20 | Edad | Edad Feudal |
| 10:25 | Crear | Villager (Male) |
| 10:28 | Investigar | Loom |
| 10:30 | Investigar | Double-Bit Axe |
| 10:32 | Crear | Villager (Male) |
| 10:32 | Crear | Villager (Male) |
| 10:40 | Construir | Palisade Wall |
| 10:44 | Construir | Palisade Wall |
| 10:49 | Construir | House |
| 11:00 | Construir | Stable |
| 11:03 | Crear | Villager (Male) |
| 11:13 | Construir | House |
| 11:17 | Construir | Palisade Wall |
| 11:21 | Construir | House |
| 11:27 | Construir | House |
| 11:49 | Construir | Palisade Wall |
| 11:53 | Construir | House |
| 11:57 | Construir | Palisade Wall |
| 12:00 | Crear | Villager (Male) |
| 12:00 | Crear | Villager (Male) |
| 12:07 | Construir | Farm |
| 12:12 | Construir | Farm |
| 12:40 | Construir | Farm |
| 13:25 | Construir | House |
| 13:32 | Construir | Palisade Wall |
| 13:47 | Construir | House |
| 13:55 | Construir | Palisade Wall |
| 14:01 | Construir | House |
| 14:16 | Construir | House |
| 14:27 | Construir | Palisade Wall |
| 14:31 | Crear | Scout Cavalry |
| 14:32 | Crear | Scout Cavalry |
| 14:32 | Crear | Scout Cavalry |
| 14:37 | Crear | Villager (Male) |
| 14:37 | Crear | Villager (Male) |
| 15:09 | Construir | House |
| 15:13 | Construir | Palisade Wall |
| 15:23 | Crear | Villager (Male) |
| 15:24 | Crear | Villager (Male) |
| 15:24 | Crear | Villager (Male) |
| 16:21 | Crear | Villager (Male) |
| 16:21 | Crear | Villager (Male) |
| 16:35 | Construir | Palisade Wall |
| 16:59 | Construir | Farm |
| 17:00 | Crear | Scout Cavalry |
| 17:01 | Crear | Scout Cavalry |
| 17:28 | Construir | House |
| 17:43 | Construir | Market |
| 17:50 | Construir | House |
| 17:59 | Crear | Villager (Male) |
| 17:59 | Crear | Villager (Male) |
| 18:26 | Construir | House |
| 18:36 | Construir | Farm |
| 18:49 | Crear | Spearman |
| 18:50 | Crear | Spearman |
| 18:52 | Crear | Spearman |
| 19:03 | Construir | Farm |
| 19:41 | Construir | House |
| 19:50 | Construir | House |
| 20:40 | Investigar | Castle Age |
| 20:50 | Crear | Scout Cavalry |
| 20:50 | Crear | Scout Cavalry |
| 20:50 | Crear | Scout Cavalry |
| 21:01 | Construir | Farm |
| 21:21 | Crear | Scout Cavalry |
| 21:21 | Crear | Scout Cavalry |
| 22:57 | Construir | Palisade Wall |
| 23:20 | Edad | Edad de los Castillos |
| 23:21 | Crear | Knight |
| 23:21 | Crear | Knight |
| 23:23 | Crear | Knight |
| 24:10 | Crear | Villager (Male) |
| 24:11 | Crear | Villager (Male) |
| 24:17 | Crear | Villager (Male) |
| 24:30 | Crear | Knight |
| 24:48 | Construir | Town Center |
Build order — El Tabano
Primeras 150 de 152 acciones detectadas
| 0:01 | Crear | Villager (Male) |
| 0:01 | Crear | Villager (Male) |
| 0:03 | Construir | House |
| 0:04 | Construir | House |
| 0:21 | Crear | Villager (Male) |
| 0:55 | Crear | Villager (Male) |
| 1:43 | Construir | Lumber Camp |
| 1:49 | Crear | Villager (Male) |
| 2:15 | Crear | Villager (Male) |
| 2:24 | Investigar | Loom |
| 3:02 | Crear | Villager (Male) |
| 3:04 | Crear | Villager (Male) |
| 4:00 | Crear | Villager (Male) |
| 4:00 | Crear | Villager (Male) |
| 4:00 | Crear | Villager (Male) |
| 4:04 | Construir | House |
| 4:40 | Construir | Mill |
| 4:50 | Crear | Villager (Male) |
| 5:11 | Crear | Villager (Male) |
| 5:49 | Crear | Villager (Male) |
| 6:07 | Crear | Villager (Male) |
| 6:26 | Construir | House |
| 6:49 | Crear | Villager (Male) |
| 7:10 | Construir | House |
| 7:24 | Crear | Villager (Male) |
| 7:52 | Investigar | Feudal Age |
| 8:26 | Construir | Barracks |
| 8:32 | Construir | House |
| 8:34 | Crear | Villager (Male) |
| 9:14 | Crear | Villager (Male) |
| 9:14 | Crear | Villager (Male) |
| 9:36 | Construir | Palisade Gate |
| 9:38 | Construir | House |
| 9:40 | Construir | House |
| 9:44 | Construir | Palisade Wall |
| 10:02 | Edad | Edad Feudal |
| 10:26 | Crear | Villager (Male) |
| 10:31 | Investigar | Double-Bit Axe |
| 10:39 | Construir | Farm |
| 10:54 | Construir | Stable |
| 11:04 | Construir | Stable |
| 11:09 | Crear | Villager (Male) |
| 11:15 | Construir | Farm |
| 11:21 | Investigar | Horse Collar |
| 11:30 | Crear | Spearman |
| 11:33 | Crear | Villager (Male) |
| 11:44 | Construir | House |
| 11:48 | Crear | Villager (Male) |
| 12:01 | Crear | Villager (Male) |
| 12:02 | Crear | Villager (Male) |
| 12:04 | Crear | Scout Cavalry |
| 12:20 | Construir | Mining Camp |
| 12:29 | Construir | Farm |
| 12:30 | Crear | Villager (Male) |
| 12:42 | Construir | House |
| 12:44 | Construir | House |
| 12:48 | Crear | Scout Cavalry |
| 12:54 | Crear | Villager (Male) |
| 13:05 | Construir | Farm |
| 13:22 | Crear | Scout Cavalry |
| 13:32 | Construir | Farm |
| 13:54 | Construir | Lumber Camp |
| 14:06 | Crear | Villager (Male) |
| 14:10 | Construir | House |
| 14:11 | Construir | House |
| 14:13 | Construir | House |
| 14:24 | Crear | Villager (Male) |
| 14:39 | Investigar | Bloodlines |
| 14:49 | Crear | Villager (Male) |
| 14:57 | Construir | House |
| 14:58 | Construir | House |
| 15:02 | Crear | Villager (Male) |
| 15:27 | Construir | Stable |
| 15:37 | Construir | Blacksmith |
| 15:38 | Crear | Villager (Male) |
| 16:00 | Crear | Villager (Male) |
| 16:00 | Crear | Villager (Male) |
| 16:14 | Construir | Lumber Camp |
| 16:54 | Crear | Villager (Male) |
| 16:59 | Construir | House |
| 17:01 | Construir | House |
| 17:08 | Construir | Palisade Gate |
| 17:18 | Construir | Farm |
| 17:18 | Construir | Farm |
| 17:18 | Construir | Farm |
| 17:18 | Construir | Farm |
| 17:19 | Construir | Farm |
| 17:19 | Construir | Farm |
| 17:19 | Construir | Farm |
| 17:19 | Construir | Farm |
| 17:20 | Construir | Farm |
| 17:20 | Construir | Farm |
| 17:20 | Construir | Farm |
| 17:20 | Construir | Farm |
| 17:20 | Construir | Farm |
| 17:21 | Construir | Farm |
| 17:28 | Crear | Villager (Male) |
| 18:05 | Crear | Villager (Male) |
| 18:22 | Construir | Market |
| 18:36 | Construir | Market |
| 18:40 | Crear | Villager (Male) |
| 18:48 | Construir | Farm |
| 18:56 | Construir | House |
| 19:12 | Construir | Farm |
| 19:51 | Crear | Villager (Male) |
| 20:14 | Investigar | Castle Age |
| 20:19 | Crear | Villager (Male) |
| 20:19 | Crear | Villager (Male) |
| 20:46 | Construir | House |
| 20:47 | Construir | House |
| 20:52 | Construir | Stone Wall |
| 21:08 | Construir | Archery Range |
| 21:10 | Construir | Archery Range |
| 21:17 | Crear | Villager (Male) |
| 21:17 | Crear | Villager (Male) |
| 22:00 | Investigar | Fletching |
| 22:02 | Investigar | Forging |
| 22:40 | Crear | Villager (Male) |
| 22:56 | Edad | Edad de los Castillos |
| 23:05 | Construir | House |
| 23:21 | Construir | Town Center |
| 23:40 | Crear | Spearman |
| 23:43 | Crear | Cavalry Archer |
| 23:44 | Crear | Cavalry Archer |
| 23:44 | Crear | Cavalry Archer |
| 23:44 | Crear | Cavalry Archer |
| 23:57 | Construir | University |
| 24:08 | Construir | House |
| 24:21 | Crear | Villager (Male) |
| 24:21 | Crear | Villager (Male) |
| 24:22 | Crear | Villager (Male) |
| 24:22 | Crear | Villager (Male) |
| 24:22 | Crear | Villager (Male) |
| 24:35 | Crear | Villager (Male) |
| 24:35 | Crear | Villager (Male) |
| 24:35 | Crear | Villager (Male) |
| 24:40 | Investigar | Wheelbarrow |
| 24:45 | Crear | Villager (Male) |
| 24:45 | Crear | Villager (Male) |
| 24:45 | Crear | Villager (Male) |
| 24:45 | Crear | Villager (Male) |
| 24:46 | Crear | Villager (Male) |
| 24:46 | Crear | Villager (Male) |
| 25:04 | Crear | Cavalry Archer |
| 25:04 | Crear | Cavalry Archer |
| 25:22 | Investigar | Ballistics |
| 25:31 | Crear | Villager (Male) |
| 25:31 | Crear | Villager (Male) |
| 25:31 | Crear | Villager (Male) |
| 25:54 | Construir | Town Center |
Build order — el Tucán
133 acciones detectadas en el replay
| 0:02 | Crear | Villager (Male) |
| 0:03 | Construir | House |
| 0:05 | Construir | House |
| 0:17 | Crear | Villager (Male) |
| 0:17 | Crear | Villager (Male) |
| 0:30 | Crear | Villager (Male) |
| 0:40 | Crear | Villager (Male) |
| 1:29 | Crear | Villager (Male) |
| 1:55 | Construir | Lumber Camp |
| 2:17 | Crear | Villager (Male) |
| 2:33 | Crear | Villager (Male) |
| 2:47 | Crear | Villager (Male) |
| 3:31 | Crear | Villager (Male) |
| 3:48 | Crear | Villager (Male) |
| 4:00 | Construir | House |
| 4:29 | Crear | Villager (Male) |
| 4:35 | Construir | Mill |
| 4:54 | Crear | Villager (Male) |
| 5:04 | Crear | Villager (Male) |
| 5:05 | Crear | Villager (Male) |
| 5:32 | Crear | Villager (Male) |
| 5:39 | Construir | House |
| 5:58 | Crear | Villager (Male) |
| 6:02 | Crear | Villager (Male) |
| 6:03 | Investigar | Loom |
| 7:06 | Construir | Barracks |
| 7:25 | Investigar | Feudal Age |
| 7:32 | Construir | Palisade Gate |
| 8:15 | Construir | House |
| 9:06 | Construir | Palisade Wall |
| 9:19 | Construir | Palisade Wall |
| 9:21 | Construir | Palisade Wall |
| 9:22 | Construir | Palisade Wall |
| 9:29 | Edad | Edad Feudal |
| 9:34 | Construir | Stable |
| 9:36 | Construir | Palisade Wall |
| 9:45 | Investigar | Double-Bit Axe |
| 9:54 | Crear | Villager (Male) |
| 9:54 | Crear | Villager (Male) |
| 9:55 | Crear | Villager (Male) |
| 10:12 | Crear | Villager (Male) |
| 10:26 | Construir | Blacksmith |
| 10:37 | Crear | Villager (Male) |
| 10:39 | Crear | Scout Cavalry |
| 10:39 | Crear | Scout Cavalry |
| 10:47 | Crear | Scout Cavalry |
| 10:59 | Construir | Farm |
| 11:01 | Crear | Villager (Male) |
| 11:06 | Construir | House |
| 11:13 | Crear | Scout Cavalry |
| 11:31 | Construir | Mining Camp |
| 11:39 | Construir | House |
| 11:41 | Construir | Palisade Wall |
| 11:55 | Construir | Farm |
| 11:58 | Crear | Scout Cavalry |
| 12:08 | Construir | House |
| 12:12 | Construir | Farm |
| 12:35 | Investigar | Scale Barding Armor |
| 13:27 | Crear | Villager (Male) |
| 13:27 | Crear | Villager (Male) |
| 13:47 | Crear | Villager (Male) |
| 13:48 | Crear | Villager (Male) |
| 13:53 | Construir | Farm |
| 13:53 | Construir | Farm |
| 13:53 | Construir | Farm |
| 13:53 | Construir | Farm |
| 13:54 | Construir | Farm |
| 13:54 | Construir | Farm |
| 13:54 | Construir | Farm |
| 14:09 | Crear | Villager (Male) |
| 14:09 | Crear | Villager (Male) |
| 14:22 | Construir | Farm |
| 14:49 | Crear | Villager (Male) |
| 15:17 | Crear | Villager (Male) |
| 15:17 | Crear | Villager (Male) |
| 15:24 | Construir | Market |
| 15:45 | Crear | Villager (Male) |
| 15:46 | Crear | Villager (Male) |
| 15:53 | Crear | Villager (Male) |
| 16:24 | Construir | Farm |
| 16:25 | Construir | Farm |
| 16:25 | Construir | Farm |
| 16:25 | Construir | Farm |
| 16:26 | Construir | Farm |
| 17:03 | Crear | Villager (Male) |
| 17:03 | Crear | Villager (Male) |
| 17:20 | Crear | Villager (Male) |
| 17:20 | Crear | Villager (Male) |
| 17:28 | Construir | House |
| 17:29 | Construir | House |
| 17:33 | Construir | Farm |
| 18:31 | Construir | Farm |
| 18:35 | Construir | Farm |
| 18:58 | Investigar | Castle Age |
| 19:02 | Construir | Lumber Camp |
| 20:56 | Investigar | Forging |
| 21:23 | Edad | Edad de los Castillos |
| 21:29 | Investigar | Chain Barding Armor |
| 21:33 | Crear | Knight |
| 21:33 | Crear | Knight |
| 21:35 | Crear | Knight |
| 21:36 | Crear | Knight |
| 21:59 | Construir | Town Center |
| 22:11 | Construir | Town Center |
| 22:15 | Crear | Villager (Male) |
| 22:16 | Crear | Villager (Male) |
| 22:16 | Crear | Villager (Male) |
| 22:17 | Crear | Villager (Male) |
| 23:22 | Construir | Monastery |
| 23:30 | Crear | Villager (Male) |
| 23:30 | Crear | Villager (Male) |
| 23:32 | Crear | Villager (Male) |
| 23:32 | Crear | Villager (Male) |
| 23:33 | Crear | Villager (Male) |
| 23:47 | Crear | Villager (Male) |
| 23:59 | Crear | Villager (Male) |
| 24:06 | Crear | Monk |
| 24:09 | Construir | House |
| 24:15 | Crear | Villager (Male) |
| 24:18 | Construir | Mining Camp |
| 24:50 | Construir | Siege Workshop |
| 24:53 | Crear | Villager (Male) |
| 24:53 | Crear | Villager (Male) |
| 24:58 | Construir | Farm |
| 24:58 | Construir | Farm |
| 25:07 | Crear | Monk |
| 25:13 | Construir | House |
| 25:18 | Crear | Monk |
| 25:26 | Crear | Villager (Male) |
| 25:26 | Crear | Villager (Male) |
| 25:29 | Construir | Mining Camp |
| 25:51 | Construir | House |
| 25:55 | Construir | House |
Build order — Spy
88 acciones detectadas en el replay
| 0:04 | Construir | House |
| 0:07 | Construir | House |
| 0:08 | Crear | Villager (Male) |
| 0:08 | Crear | Villager (Male) |
| 0:09 | Crear | Villager (Male) |
| 0:09 | Crear | Villager (Male) |
| 1:35 | Crear | Villager (Male) |
| 1:36 | Crear | Villager (Male) |
| 1:54 | Construir | Lumber Camp |
| 2:12 | Crear | Villager (Male) |
| 2:30 | Crear | Villager (Male) |
| 2:30 | Crear | Villager (Male) |
| 3:08 | Crear | Villager (Male) |
| 3:09 | Crear | Villager (Male) |
| 3:22 | Crear | Villager (Male) |
| 3:22 | Crear | Villager (Male) |
| 3:45 | Construir | House |
| 3:49 | Crear | Villager (Male) |
| 3:49 | Crear | Villager (Male) |
| 4:10 | Crear | Villager (Male) |
| 4:39 | Crear | Villager (Male) |
| 4:39 | Crear | Villager (Male) |
| 5:19 | Investigar | Loom |
| 5:42 | Crear | Villager (Male) |
| 5:43 | Crear | Villager (Male) |
| 5:43 | Crear | Villager (Male) |
| 6:05 | Crear | Villager (Male) |
| 6:05 | Crear | Villager (Male) |
| 6:20 | Construir | Mill |
| 6:24 | Crear | Villager (Male) |
| 7:26 | Crear | Villager (Male) |
| 7:31 | Construir | House |
| 7:55 | Crear | Villager (Male) |
| 8:30 | Construir | Pasture |
| 8:44 | Investigar | Feudal Age |
| 8:44 | Investigar | Feudal Age |
| 9:54 | Construir | Pasture |
| 9:55 | Construir | Pasture |
| 10:00 | Construir | Pasture |
| 10:19 | Crear | Villager (Male) |
| 10:20 | Crear | Villager (Male) |
| 10:39 | Construir | Pasture |
| 10:54 | Edad | Edad Feudal |
| 10:55 | Investigar | Double-Bit Axe |
| 11:23 | Crear | Villager (Male) |
| 11:23 | Crear | Villager (Male) |
| 11:27 | Investigar | Tech 1014 |
| 11:48 | Crear | Villager (Male) |
| 12:09 | Construir | House |
| 12:19 | Construir | Pasture |
| 12:36 | Investigar | Town Watch |
| 12:58 | Construir | Palisade Wall |
| 14:57 | Construir | Barracks |
| 16:01 | Crear | Spearman |
| 16:01 | Crear | Spearman |
| 16:01 | Crear | Spearman |
| 16:32 | Crear | Villager (Male) |
| 16:32 | Crear | Villager (Male) |
| 16:32 | Crear | Villager (Male) |
| 16:32 | Crear | Villager (Male) |
| 17:17 | Crear | Spearman |
| 17:19 | Crear | Spearman |
| 17:33 | Construir | House |
| 17:36 | Construir | House |
| 17:43 | Construir | Palisade Wall |
| 17:44 | Construir | Palisade Wall |
| 17:53 | Construir | House |
| 18:37 | Construir | Pasture |
| 18:40 | Crear | Villager (Male) |
| 19:25 | Construir | Mining Camp |
| 19:27 | Crear | Villager (Male) |
| 19:27 | Crear | Villager (Male) |
| 19:28 | Crear | Villager (Male) |
| 20:26 | Crear | Villager (Male) |
| 20:32 | Construir | Archery Range |
| 20:36 | Construir | Blacksmith |
| 20:38 | Crear | Villager (Male) |
| 21:51 | Crear | Spearman |
| 23:27 | Crear | Spearman |
| 23:27 | Crear | Spearman |
| 23:27 | Crear | Spearman |
| 23:28 | Crear | Spearman |
| 23:30 | Crear | Villager (Male) |
| 23:30 | Crear | Villager (Male) |
| 23:30 | Crear | Villager (Male) |
| 24:18 | Investigar | Castle Age |
| 25:09 | Construir | House |
| 25:48 | Construir | Pasture |
Cronología de la partida
| 7:06 | el Tucán · first_building Barracks |
| 7:57 | çupra · first_building Barracks |
| 8:26 | El Tabano · first_building Barracks |
| 8:29 | çupra · wall_segment Palisade Wall x6 |
| 8:39 | çupra · wall_segment Palisade Wall x6 |
| 9:06 | el Tucán · wall_segment Palisade Wall x8 |
| 9:19 | el Tucán · wall_segment Palisade Wall x4 |
| 9:21 | el Tucán · wall_segment Palisade Wall x9 |
| 9:22 | el Tucán · wall_segment Palisade Wall x2 |
| 9:29 | el Tucán · age_up feudal |
| 9:34 | el Tucán · first_building Stable |
| 9:36 | el Tucán · wall_segment Palisade Wall x1 |
| 9:44 | El Tabano · wall_segment Palisade Wall x1 |
| 10:02 | El Tabano · age_up feudal |
| 10:20 | çupra · age_up feudal |
| 10:40 | çupra · wall_segment Palisade Wall x1 |
| 10:44 | çupra · wall_segment Palisade Wall x5 |
| 10:54 | Spy · age_up feudal |
| 10:54 | El Tabano · first_building Stable |
| 11:00 | çupra · first_building Stable |
| 11:17 | çupra · wall_segment Palisade Wall x3 |
| 11:41 | el Tucán · wall_segment Palisade Wall x1 |
| 11:49 | çupra · wall_segment Palisade Wall x7 |
| 11:57 | çupra · wall_segment Palisade Wall x9 |
| 12:58 | Spy · wall_segment Palisade Wall x7 |
| 13:32 | çupra · wall_segment Palisade Wall x9 |
| 13:55 | çupra · wall_segment Palisade Wall x8 |
| 14:27 | çupra · wall_segment Palisade Wall x1 |
| 14:57 | Spy · first_building Barracks |
| 15:13 | çupra · wall_segment Palisade Wall x1 |
| 16:35 | çupra · wall_segment Palisade Wall x1 |
| 17:43 | Spy · wall_segment Palisade Wall x5 |
| 17:44 | Spy · wall_segment Palisade Wall x1 |
| 18:38 | el Tucán · first_market_sell 100 wood |
| 18:39 | el Tucán · first_market_buy 100 food |
| 19:06 | çupra · first_market_sell 100 wood |
| 19:09 | çupra · first_market_buy 100 food |
| 19:59 | El Tabano · first_market_sell 100 wood |
| 20:00 | El Tabano · first_market_buy 100 food |
| 20:32 | Spy · first_building Archery Range |
| 20:52 | El Tabano · wall_segment Stone Wall x7 |
| 21:08 | El Tabano · first_building Archery Range |
| 21:23 | el Tucán · age_up castle |
| 22:56 | El Tabano · age_up castle |
| 22:57 | çupra · wall_segment Palisade Wall x1 |
| 23:20 | çupra · age_up castle |
| 23:22 | el Tucán · first_building Monastery |
| 24:50 | el Tucán · first_building Siege Workshop |
| 26:00 | çupra · resign |
[ ANÁLISIS IA · 1 CRÉDITO ]
¿Qué pasó realmente en esta partida?
Wolo.gg analiza cada decisión: build order, eco, micro, errores típicos por bracket. Análisis personalizado por WhatsApp o Discord en 30 segundos.
Guía civ
Francos
Guía mapa
Arabia
Perfil
Jugador #20137129